Map: Nightscape LE

Players

qqq - Winner!

  • Race: Zerg Zerg
  • Spawn Location: 1:00

Massa - Winner!

  • Race: Terran Terran
  • League: Platinum
  • Spawn Location: 1:00

tochka

  • Race: Zerg Zerg
  • League: Platinum
  • Spawn Location: 7:00

NewParadigm

  • Race: Terran Terran
  • Spawn Location: 7:00

VOD

Have the link to the VOD?

Description

Time

  • Played on: Feb. 10, 2021, 1:53 p.m.
  • Length: 12:57
Show
View Real Time Build Order
Export as new Build Order

qqq Zerg - Winner!

Build Orders: Hatch First 

Get SALT Encoding   

  12  0:00  Drone  
  13  0:08  Drone  
  14  0:19  Overlord  
  14  0:47  Hatchery  
  13  0:51  Drone  
  13  0:52  Drone  
  15  0:57  Drone  
  16  1:16  Extractor, Spawning Pool  
  14  1:29  Drone x3  
  17  1:44  Drone  
  18  1:58  Drone  
  19  2:10  Extractor  
  19  2:11  Queen  
  19  2:12  Queen  
  19  2:15  Drone  
  23  2:16  Metabolic Boost  
  23  2:18  Drone  
  23  2:21  Drone  
  25  2:28  Overlord  
  25  2:36  Extractor  
  25  2:39  Zergling x4  
  25  2:40  Drone  
  28  2:47  Drone x2  
  30  2:51  Overlord  
  30  2:56  Extractor  
  31  2:58  Zergling x2  
  31  3:05  Drone x2  
  33  3:07  Zergling x2  
  34  3:16  Zergling x2  
  34  3:17  Zergling x2  
  36  3:21  Zergling x4, Overlord  
  36  3:25  Drone, Zergling x2  
  40  3:28  Zergling x2  
  40  3:33  Zergling x2  
  42  3:38  Zergling x2  
  43  3:46  Zergling x2  
  42  4:02  Zergling x2  
  42  4:03  Zergling x6  
  42  4:04  Zergling x8  
  44  4:17  Zergling x2  
  44  4:18  Zergling x4  
  44  4:24  Zergling x2  
  46  4:26  Zergling x2  
  46  4:37  Hatchery  
  44  4:41  Zergling x2  
  44  4:42  Zergling x2  
  44  4:55  Zergling x2  
  44  4:56  Zergling x6  
  44  4:57  Zergling x6  
  44  4:59  Overlord  
  44  5:11  Zergling x2  
  43  5:16  Lair  
  43  5:18  Drone, Zergling x2  
  45  5:25  Drone  
  45  5:26  Zergling x4  
  48  5:29  Hatchery  
  47  5:38  Zergling x2  
  47  5:39  Zergling x2  
  49  5:50  Zergling x2  
  49  5:51  Zergling x4  
  49  5:52  Zergling x10  
  44  6:05  Zergling x2  
  44  6:06  Zergling x4  
  46  6:15  Drone, Spire  
  46  6:16  Drone x3  
  49  6:18  Extractor  
  49  6:21  Zergling x4  
  49  6:23  Zergling x2  
  49  6:24  Drone, Zergling x6  
  55  6:38  Overlord  
  55  6:39  Zergling x4  
  57  6:44  Drone x2  
  57  6:45  Zergling x6  
  62  6:58  Zergling x6  
  62  6:59  Zergling x2  
  62  7:00  Zergling x6  
  69  7:12  Overlord x3  
  69  7:17  Drone x2, Spore Crawler  
  69  7:21  Drone  
  69  7:22  Drone  
  70  7:33  Drone  
  70  7:34  Drone, Mutalisk x2  
  76  7:37  Mutalisk  
  78  7:44  Mutalisk  
  78  7:46  Drone  
  78  7:47  Drone  
  78  7:48  Drone  
  78  7:49  Drone  
  84  7:52  Mutalisk  
  86  7:58  Spore Crawler  
  86  8:00  Drone  
  86  8:01  Spore Crawler  
  86  8:03  Mutalisk  
  87  8:07  Overlord  
  87  8:15  Drone x2, Mutalisk x2  
  93  8:21  Drone  
  93  8:23  Overlord x2  
  94  8:27  Zerg Flyer Weapons Level 1  
  94  8:33  Drone  
  94  8:34  Drone, Infestation Pit  
  95  8:38  Drone x2, Extractor x2  
  95  8:42  Extractor  
  95  8:43  Overlord  
  95  8:44  Extractor, Drone  
  95  8:45  Drone  
  95  8:50  Drone  
  95  8:51  Drone x2  
  98  8:56  Mutalisk  
  97  9:06  Mutalisk  
  93  9:40  Mutalisk x4  
  93  9:42  Drone x4  
  93  9:43  Drone x5  
  110  9:46  Drone x2  
  112  9:56  Drone x2  
  112  9:58  Hive  
  114  10:03  Hatchery  
  114  10:07  Overlord x2  
  113  10:08  Drone  
  113  10:11  Extractor  
  113  10:15  Drone  
  113  10:16  Overlord  
  113  10:17  Overlord  
  114  10:22  Zerg Flyer Armor Level 1  
  104  10:37  Mutalisk x4  
  104  10:39  Drone x5  
  100  11:05  Mutalisk x2  
  100  11:06  Mutalisk  
  89  11:23  Drone x3  
  81  11:34  Hatchery  
  80  11:40  Extractor  
  80  11:41  Hatchery  
  80  11:42  Extractor  
  80  11:44  Extractor  
  76  11:48  Drone x2  
  78  12:31  Mutalisk x2  
  78  12:32  Mutalisk x4  
Show
View Real Time Build Order
Export as new Build Order

Massa Terran - Winner!

Build Orders: Hellion Banshee 

Get SALT Encoding   

  12  0:00  SCV  
  13  0:12  SCV  
  14  0:22  Supply Depot  
  14  0:24  SCV  
  15  0:42  Refinery  
  15  0:43  SCV  
  15  0:44  Barracks  
  16  0:56  SCV  
  17  1:08  SCV  
  18  1:20  SCV  
  19  1:34  Barracks Reactor  
  19  1:35  Orbital Command  
  19  1:43  Command Center  
  19  2:00  SCV  
  20  2:12  Marine  
  20  2:14  Factory, Marine  
  22  2:23  Supply Depot  
  22  2:28  SCV  
  23  2:44  SCV, Marine x2, Supply Depot  
  23  2:47  Refinery  
  26  2:55  Orbital Command  
  26  2:56  SCV  
  27  3:02  Hellion, Marine x2  
  31  3:09  SCV  
  32  3:23  Starport  
  32  3:31  Hellion  
  32  3:32  Hellion  
  36  3:36  Barracks Tech Lab  
  36  3:40  SCV x2  
  38  3:45  Engineering Bay  
  38  3:52  SCV x2  
  40  3:57  Hellion  
  40  3:58  Hellion  
  44  4:07  Barracks Tech Lab  
  42  4:13  Banshee, Cloaking Field  
  45  4:19  Hellion x2  
  49  4:34  SCV x2  
  49  4:35  Marine  
  50  4:40  Hellion x2  
  50  4:46  SCV x2  
  48  4:58  SCV  
  49  5:02  Banshee  
  49  5:03  Marauder  
  54  5:11  Barracks  
  54  5:13  Barracks  
  54  5:15  Supply Depot  
  54  5:17  Supply Depot  
  54  5:36  Marine  
  54  5:37  SCV x2  
  54  5:44  Banshee  
  55  5:54  Widow Mine x2, Marine  
  58  6:09  SCV  
  58  6:10  SCV  
  52  6:12  Marine  
  52  6:15  Widow Mine x2, Command Center  
  57  6:22  SCV x2  
  59  6:30  Marine  
  60  6:34  SCV, Barracks  
  60  6:39  Barracks x2  
  61  6:40  SCV, Barracks  
  61  6:43  Refinery  
  61  6:44  Refinery  
  61  6:46  SCV  
  63  6:47  Widow Mine x2  
  63  6:49  Stimpack  
  63  6:52  SCV  
  63  6:53  Starport Reactor  
  68  6:55  Barracks Reactor, Barracks Tech Lab  
  68  6:58  SCV  
  69  7:17  Supply Depot  
  69  7:18  Terran Infantry Weapons Level 1, Supply Depot  
  69  7:19  Supply Depot  
  69  7:20  Armory  
  69  7:21  Supply Depot, Engineering Bay, Combat Shield  
  69  7:27  Widow Mine x2, Marauder x3  
  79  7:48  Marine x3  
  79  8:05  Marine x5  
  78  8:06  Marauder x3  
  78  8:09  Widow Mine x2  
  90  8:22  Marine  
  90  8:23  Marine x2  
  94  8:28  Marauder  
  94  8:29  Barracks Tech Lab x2  
  94  8:30  Widow Mine x2  
  99  8:37  Marauder x2  
  99  8:39  Concussive Shells  
  99  8:40  Marine  
  99  8:41  Marine  
  105  8:49  Marauder  
  105  8:51  Widow Mine  
  106  8:58  Marauder  
  106  8:59  Widow Mine  
  106  9:00  Terran Infantry Armor Level 1  
  106  9:01  Terran Vehicle Weapons Level 1  
  106  9:13  Widow Mine  
  108  9:20  Widow Mine  
  110  9:25  Medivac  
  110  9:26  Medivac  
  114  9:53  Terran Infantry Weapons Level 2  
  114  9:56  Marine x2  
  114  9:57  Marine  
  117  10:07  Missile Turret, Supply Depot x2  
  117  10:09  Missile Turret, Supply Depot  
  117  10:11  Missile Turret  
  117  10:15  Sensor Tower  
  117  10:17  Orbital Command  
  117  10:28  Marine x8  
  121  10:30  Supply Depot  
  121  10:31  Supply Depot  
  121  10:33  Widow Mine x2, Supply Depot  
  99  10:50  Marauder x2  
  99  10:51  Marauder x3, Marine  
  99  10:55  Widow Mine x2  
  111  10:58  Medivac x2  
  112  11:12  Marauder  
  112  11:22  SCV x3  
  117  11:26  Marauder x4, Marine  
  124  11:33  Marauder  
  124  11:34  SCV x3  
  124  11:37  Medivac  
  131  11:40  Factory  
  131  11:46  SCV x2  
  135  11:47  Marauder  
  135  11:49  Factory Tech Lab  
  131  12:41  SCV x3  
Show
View Real Time Build Order
Export as new Build Order

tochka Zerg 

Build Orders: Hatch First 

Get SALT Encoding   

  12  0:00  Drone  
  13  0:08  Drone  
  14  0:16  Overlord  
  14  0:34  Drone x2  
  14  0:35  Drone  
  17  0:48  Drone  
  18  0:59  Hatchery  
  18  1:01  Drone  
  18  1:02  Extractor  
  17  1:15  Spawning Pool  
  16  1:32  Drone x3  
  19  1:49  Drone  
  20  1:58  Overlord  
  19  2:03  Queen  
  19  2:07  Overlord  
  21  2:17  Queen  
  21  2:19  Drone x2  
  25  2:35  Overlord  
  25  2:37  Drone x3  
  25  2:41  Metabolic Boost  
  28  2:58  Zergling x6  
  31  3:06  Zergling x4  
  31  3:09  Extractor, Drone  
  33  3:14  Zergling x6  
  33  3:19  Lair  
  37  3:27  Zergling x6  
  37  3:32  Zergling x8  
  43  3:43  Overlord  
  43  3:44  Drone  
  44  3:48  Drone x3  
  44  4:05  Zergling x10  
  44  4:06  Zergling x2  
  49  4:10  Drone  
  47  4:23  Zergling x4  
  41  4:29  Queen  
  42  4:41  Zergling x2  
  42  4:42  Zergling x6  
  39  4:59  Zergling x6  
  32  5:00  Zergling x8  
  32  5:24  Spire  
  30  5:32  Spore Crawler  
  29  5:37  Spore Crawler  
  29  5:39  Overseer  
  26  5:56  Zergling x8  
  26  5:57  Zergling x12  
  28  6:09  Drone  
  28  6:10  Drone x2  
  30  6:50  Queen  
  32  7:12  Mutalisk x3  
  32  7:13  Mutalisk x4  
  46  7:25  Spine Crawler  
  46  7:27  Spine Crawler  
  42  7:30  Spine Crawler  
  42  7:34  Mutalisk  
  43  7:38  Drone  
  44  7:52  Spore Crawler  
  44  7:53  Extractor  
  42  8:12  Drone x7  
  49  8:19  Drone x2  
  51  8:24  Overseer  
  51  8:31  Drone  
  52  8:37  Overlord  
  51  9:17  Drone x6  
  51  9:18  Drone x4  
  51  9:22  Spore Crawler  
  51  9:24  Spore Crawler  
  56  9:29  Spore Crawler  
  56  9:30  Spore Crawler  
  48  9:31  Drone  
  48  9:32  Drone  
  48  9:34  Spore Crawler  
  49  9:55  Spore Crawler  
  49  9:58  Spore Crawler  
  47  10:03  Spore Crawler  
  47  10:05  Drone x4  
  47  10:06  Drone x2  
  52  10:17  Overlord x4  
  52  10:18  Overlord  
  50  10:44  Mutalisk x4  
  49  11:00  Zergling x6  
  49  11:01  Zergling x14  
  55  11:09  Overseer  
  52  11:45  Corruptor x2  
  52  11:46  Hatchery, Corruptor  
  52  11:52  Drone  
  50  12:19  Drone x3  
  50  12:20  Drone x7  
Show
View Real Time Build Order
Export as new Build Order

NewParadigm Terran 

Build Orders:  

Get SALT Encoding   

  12  0:00  SCV  
  13  0:12  SCV  
  14  0:17  Supply Depot  
  14  0:24  SCV  
  15  0:39  SCV  
  15  0:42  Barracks  
  16  0:47  Refinery  
  16  0:51  SCV  
  17  1:06  SCV  
  18  1:18  SCV  
  19  1:31  Orbital Command  
  19  1:32  Marine  
  20  1:41  Command Center  
  20  1:57  Barracks Reactor  
  20  2:12  SCV  
  21  2:16  Factory  
  21  2:23  Refinery  
  21  2:24  SCV  
  22  2:31  Barracks  
  22  2:39  SCV  
  23  3:02  Marine x2  
  23  3:03  Starport, SCV  
  23  3:04  Orbital Command  
  26  3:10  Factory Tech Lab  
  26  3:15  SCV  
  27  3:22  Marine, Supply Depot  
  27  3:23  Marine  
  29  3:27  SCV  
  29  3:33  SCV  
  31  3:36  Marine, Stimpack  
  31  3:39  SCV, Factory Reactor, Medivac  
  35  3:45  SCV  
  36  3:51  SCV, Supply Depot  
  36  3:53  Marine x2  
  39  3:57  SCV  
  39  4:01  Refinery  
  39  4:02  Marine  
  41  4:03  SCV  
  41  4:09  SCV  
  43  4:13  Marine  
  43  4:14  Marine  
  43  4:15  SCV  
  43  4:16  Supply Depot  
  46  4:21  SCV  
  45  4:32  Marine x3  
  45  4:34  Medivac x2  
  45  4:35  Factory Tech Lab  
  51  4:50  Marine  
  51  4:51  Marine  
  51  4:52  Marine  
  50  5:07  Medivac  
  50  5:08  Marine, Medivac  
  50  5:09  Marine  
  56  5:14  Barracks  
  56  5:15  Barracks, Engineering Bay x2  
  56  5:16  Combat Shield  
  56  5:17  SCV  
  56  5:19  SCV, Barracks  
  58  5:26  Marine x2  
  60  5:29  SCV  
  61  5:45  SCV  
  61  5:47  Terran Infantry Weapons Level 1  
  61  5:48  Terran Infantry Armor Level 1  
  62  5:59  SCV  
  62  6:01  SCV  
  62  6:03  Cyclone  
  62  6:11  Barracks Reactor, Barracks Tech Lab x2  
  62  6:14  Supply Depot  
  62  6:15  Supply Depot  
  62  6:31  Concussive Shells  
  62  6:33  Missile Turret  
  62  6:36  SCV x2, Marauder, Marine x2, Medivac  
  62  6:37  Marauder  
  62  6:38  Supply Depot  
  62  6:39  Supply Depot  
  72  6:40  Marine, Supply Depot  
  73  6:48  SCV x2, Marine  
  73  6:50  Marine  
  73  6:54  Marine  
  78  6:59  Marine x3  
  78  7:00  SCV x2, Marauder  
  85  7:06  Marine  
  85  7:07  Refinery  
  86  7:08  Marine  
  86  7:12  SCV x2  
  89  7:18  Marauder, Command Center  
  91  7:24  Armory, Supply Depot  
  91  7:28  Supply Depot  
  91  7:42  Marine x3  
  91  7:43  Marauder x3, Marine  
  97  8:06  Marine  
  97  8:07  Marauder x2, Marine x3  
  97  8:08  Marauder, Medivac  
  109  8:17  Terran Infantry Weapons Level 2  
  109  8:22  Terran Infantry Armor Level 2  
  109  8:24  Marine  
  110  8:29  Marauder x2  
  110  8:31  Marine  
  110  8:32  Marauder  
  117  8:45  Marine x2  
  119  8:49  Marine, Medivac x2  
  119  8:50  Marauder x2, Marine  
  119  8:53  Marauder  
  131  9:03  Marine x2  
  131  9:07  Refinery, Marine  
  134  9:11  Marauder  
  133  9:25  Marine x2  
  133  9:26  Marauder x2, Marine  
  130  9:33  Marauder  
  130  9:37  Marine  
  123  9:40  Medivac  
  123  9:43  Marine x2, Medivac  
  119  9:47  Marauder  
  119  9:48  Marauder  
  119  9:49  Orbital Command  
  123  9:53  Marine  
  123  9:54  Marauder  
  123  9:55  Marine  
  123  9:57  Sensor Tower  
  127  10:02  Marine x2  
  129  10:09  Marauder  
  129  10:10  Medivac  
  129  10:11  Missile Turret  
  129  10:12  Missile Turret  
  129  10:13  Marine x3  
  108  10:43  Marauder, Marine x4  
  108  10:44  Marauder x2  
  83  11:00  Marine  
  83  11:01  Marine x3  
  85  11:05  Marauder x3  
  81  11:18  Marine  
  81  11:19  Marine x3  
  84  11:26  Marauder x3  
  84  11:28  SCV x2  
  92  11:36  Marine x2  
  92  11:37  Marine x2  
  96  11:47  Marine x2  
  96  11:48  Marauder  
  96  11:52  Command Center  
  100  11:54  Marine  
  100  11:58  Marine x3  
  104  12:05  Marine x2  
  93  12:12  Marine x2  
  94  12:16  Marine x3  
  96  12:23  Marine x2  
  97  12:30  Marine  
  97  12:31  Marine  
  97  12:34  Marine x3  
Tags
 
Add a new tag
Caveats
  • Supply blocks, unpowered buildings, or Contaminate may cause inaccurate times.
  • Supply counts are checked every 10 seconds.